 Dungeon Crawl Stone Soup version 0.29-a0-355-g7276a9ff7f (webtiles) character file.

Game seed: 2233769544259260900

17646 Gargoyl the Blocker (level 12, -2/75 HPs)
             Began as a Gargoyle Abyssal Knight on Apr 25, 2022.
             Was a High Priest of Lugonu.
             Killed from afar by a molten gargoyle (29 damage)
             ... with a bolt of magma
             ... on level 3 of the Lair of Beasts.
             The game lasted 00:16:38 (13048 turns).

Gargoyl the Blocker (Gargoyle Abyssal Knight)      Turns: 13048, Time: 00:16:39

Health: -2/75      AC: 26    Str: 22    XL:     12   Next: 50%
Magic:  14/14      EV: 13    Int: 16    God:    Lugonu [*****.]
Gold:   324        SH: 19    Dex: 18    Spells: 11/11 levels left

rFire   . . .      SeeInvis .   A - +7 quick blade of Fedhas, Bedazzling {holy, *Rage rElec rN+ Int+5}
rCold   + + .      Faith    .   g - +1 kite shield
rNeg    + + .      Spirit   .   w - +1 chain mail {rC+}
rPois   ∞          Reflect  +   C - +0 helmet
rElec   +          Harm     .   (no cloak)
rCorr   .          Rampage  .   (no gloves)
Will    .....      Rage     20% H - +1 pair of boots
Stlth   ..........              m - amulet of reflection
HPRegen 0.22/turn               n - +4 ring of evasion
MPRegen 0.14/turn               v - +6 ring of dexterity

@: on berserk cooldown, slowed, very slow
A: sickness immunity, AC +8, negative energy resistance 1, electricity
resistance, torment resistance 1, petrification resistance, hooves 1, iridescent
scales 1, cold resistance 1, strong 1, MP-powered wands
a: Renounce Religion, Depart the Abyss, Bend Space, Banish, Corrupt, Enter the
Abyss


You were on level 3 of the Lair of Beasts.
You worshipped Lugonu.
Lugonu was extremely pleased with you.
You visited 2 branches of the dungeon, and saw 12 of its levels.
You visited the Abyss 1 time.

You collected 645 gold pieces.
You spent 321 gold pieces at shops.

Inventory:

Hand Weapons
 a - a +1 hand axe of freezing
 o - a +4 dagger
 y - a +2 war axe
 A - the +7 quick blade of Fedhas, Bedazzling (weapon) {holy, *Rage rElec rN+ Int+5}
   (You acquired it on level 8 of the Dungeon)

   It has been blessed by the Shining One to cause great damage to the undead
   and demons.
   Int:       It affects your intelligence (+5).
   rElec:     It insulates you from electricity.
   rN:        It protects you from negative energy.
   *Rage:     It berserks you when you make melee attacks (+20% chance).
 J - a +5 broad axe
Missiles
 c - 3 throwing nets
 q - 12 poisoned darts (quivered)
 u - a curare-tipped dart
Armour
 g - a +1 kite shield (worn)
 w - a +1 chain mail of cold resistance (worn)
 C - a +0 helmet (worn)
 H - a +1 pair of boots (worn)
Jewellery
 m - an amulet of reflection (around neck)
 n - a +4 ring of evasion (left hand)
 p - a ring of see invisible
 s - a ring of resist corrosion
 v - a +6 ring of dexterity (right hand)
 B - a ring of protection from cold
 D - a ring of wizardry
Wands
 i - a wand of flame (29)
 j - a wand of polymorph (2)
 E - a wand of acid (3)
Scrolls
 b - 4 scrolls of fog
 h - a scroll of fear
 l - 4 scrolls of identify
 r - 2 scrolls of blinking
 x - 3 scrolls of teleportation
Potions
 d - 5 potions of haste
 e - 4 potions of brilliance
 f - 8 potions of curing
 k - 2 potions of ambrosia
 t - 4 potions of attraction
 F - a potion of lignification {unknown}
 I - a potion of mutation
 K - a potion of might


   Skills:
 + Level 8.3 Fighting
 + Level 6.7 Short Blades
 + Level 8.6 Axes
 + Level 1.4 Throwing
 + Level 8.8 Armour
 + Level 4.3 Dodging
 + Level 1.5 Stealth
 + Level 12.1 Shields
 + Level 0.5 Unarmed Combat
 + Level 3.2 Invocations


You had 11 spell levels left.
You didn't know any spells.
Your spell library contained the following spells:

 Spells                   Type           Power      Damage    Failure   Level
 Beastly Appendage        Tmut           0%         N/A       97%         1
 Sandblast                Erth           0%         2d4       97%         1
 Passwall                 Tmut/Erth      0%         N/A       99%         2
 Wereblood                Tmut           0%         N/A       99%         2
 Call Canine Familiar     Summ           0%         N/A       100%        3
 Gell's Gravitas          Tloc           0%         N/A       100%        3
 Lesser Beckoning         Tloc           0%         N/A       100%        3
 Portal Projectile        Hex/Tloc       0%         N/A       100%        3
 Spider Form              Tmut/Pois      0%         N/A       100%        3
 Stone Arrow              Conj/Erth      0%         3d7       100%        3
 Teleport Other           Tloc           0%         N/A       100%        3
 Leda's Liquefaction      Hex/Erth       0%         N/A       100%        4
 Petrify                  Tmut/Erth      0%         N/A       100%        4
 Irradiate                Conj/Tmut      0%         3d13      100%        5
 Dispersal                Tloc           0%         N/A       100%        6
 Sublimation of Blood     Necr           Unusable   N/A       N/A         2

Dungeon Overview and Level Annotations

Branches:
Dungeon (9/15)             Temple (0/1) D:6            Lair (3/6) D:9
 Spider (0/4) Lair:2
  Swamp: Lair:2-4    Shoals: Lair:2-4       Orc: D:9-12

Altars:
Cheibriados

Shops:
D:2 ?   D:3 [   D:4 *


Innate Abilities, Weirdness & Mutations

You are immune to sickness and miasma.
Your stone body is resilient. (AC +8)
You are immune to poison.
You resist negative energy. (rN+)
You are resistant to electric shocks. (rElec)
You are resistant to unholy torment.
You are immune to petrification.
You have large cloven feet.
You are partially covered in iridescent scales. (AC +2)
Your flesh is cold resistant. (rC+)
Your muscles are strong. (Str +2)
You expend magic power (3 MP) to strengthen your wands.


Message History

Unknown command.
You hit the molten gargoyle.
The molten gargoyle is heavily damaged.
The lava snake misses you.
The molten gargoyle blasts magma at you!
The bolt of magma hits you but does no damage.
Unknown command.
You barely miss the molten gargoyle.
The molten gargoyle is heavily damaged.
Unknown command.
You hit the molten gargoyle.
The molten gargoyle is severely damaged.
You block the molten gargoyle's attack. You block the lava snake's attack.
Unknown command.
You hit the molten gargoyle.
The molten gargoyle is severely damaged.
The molten gargoyle blasts magma at you!
The bolt of magma misses you. You block the lava snake's attack.
Unknown command.
You hit the molten gargoyle.
The molten gargoyle is severely damaged.
Unknown command.
You barely miss the molten gargoyle.
The molten gargoyle is severely damaged.
The molten gargoyle misses you. You block the lava snake's attack.
Unknown command.
You hit the molten gargoyle but do no damage.
The molten gargoyle is severely damaged.
You block the lava snake's attack.
The molten gargoyle hits you with a +0 mace!
* * * LOW HITPOINT WARNING * * *
You are engulfed in flames!
* * * LOW HITPOINT WARNING * * *
You feel much better. You block the molten gargoyle's attack.
You block the lava snake's attack.
You hit the molten gargoyle but do no damage.
The molten gargoyle is severely damaged.
The molten gargoyle blasts magma at you!
The bolt of magma hits you!!
You die...

..§≈ #..§§
#≈..§§
###§≈.≈§#
##≈≈≈..§
#≈≈...#
#S..§#
##.@§§##
#≈.9≈§≈##
#§≈..§§§#
##≈...≈≈##
#≈≈...≈≈##
#≈##...≈≈#
#≈≈
##..≈≈#
#≈# ##..≈#
#≈§#
##.≈≈#


You could see a molten gargoyle and a lava snake.

Vanquished Creatures
  Fannar (Lair:2)
  2 hydras (Lair:1)
  2 death yaks (D:9)
  Urug (Lair:2)
  Amaemon (Lair:2)
  An obsidian statue (D:9)
  An orb spider (Lair:2)
  5 cane toads
  An orange demon (Lair:2)
  A kobold demonologist (D:9)
  2 komodo dragons
  A troll (D:9)
  A hornet (D:9)
  23 yaks
  Eustachio (D:4)
  A steam dragon (D:5)
  4 vampire mosquitoes (D:9)
  4 water moccasins
  2 ice beasts
  A sky beast (D:8)
  An orc warrior (D:9)
  3 ogres
  A black bear (Lair:1)
  7 wolves
  2 centaurs
  A kobold brigand (D:7)
  13 bullfrogs
  7 scorpions
  A necrophage (D:5)
  A gnoll sergeant (D:9)
  5 wights (D:8)
  7 killer bees
  2 howler monkeys
  2 lava snakes (Lair:3)
  6 hounds
  3 orc priests
  2 gnoll shamans
  A jelly (D:5)
  9 orc wizards
  3 hell rats (D:9)
  5 iguanas
  9 gnolls
  A river rat (D:9)
  9 adders
  2 white imps (D:7)
  An ufetubus (D:5)
  3 worms
  4 dart slugs
  28 orcs
  4 ball pythons
  11 endoplasms
  2 giant cockroaches
  9 goblins
  8 hobgoblins
  12 jackals
  8 kobolds
  5 quokkas
  2 bats (D:1)
  6 frilled lizards
  6 rats
268 creatures vanquished.

Vanquished Creatures (others)
  An orc wizard (D:5)
  5 plants
6 creatures vanquished.

Grand Total: 274 creatures vanquished

Notes
Turn   | Place    | Note
-------+----------+-------------------------------------------
     0 | Abyss:1  | Gargoyl the Gargoyle Abyssal Knight began the quest for the
                  | Orb.
     0 | Abyss:1  | Reached XP level 1. HP: 14/14 MP: 2/2
     5 | D:1      | Escaped the Abyss
   312 | D:1      | Reached skill level 1 in Dodging
   336 | D:1      | Reached XP level 2. HP: 16/19 MP: 3/3
   688 | D:1      | Reached ** piety under Lugonu
   838 | D:1      | Reached XP level 3. HP: 18/24 MP: 4/4
   969 | D:1      | Found a faded altar of an unknown god.
  1680 | D:2      | Reached XP level 4. HP: 20/29 MP: 5/5
  1699 | D:2      | Reached *** piety under Lugonu
  1895 | D:2      | Found Boluesk's Magic Scroll Emporium.
  2305 | D:3      | Found Hoz Xuynlu's Antique Armour Emporium.
  2869 | D:4      | Noticed a scorpion
  2877 | D:4      | Reached XP level 5. HP: 22/33 MP: 6/6
  3052 | D:4      | Found Ogeroffiogg's Assorted Antiques.
  3060 | D:4      | Bought a buckler for 126 gold pieces
  3147 | D:4      | Reached skill level 1 in Stealth
  3147 | D:4      | Reached XP level 6. HP: 18/39 MP: 7/7
  3172 | D:4      | Reached skill level 1 in Shields
  4140 | D:5      | Entered Level 5 of the Dungeon
  4153 | D:5      | Noticed Eustachio
  4210 | D:4      | Killed Eustachio
  4211 | D:4      | Reached skill level 2 in Shields
  4211 | D:4      | Reached XP level 7. HP: 17/44 MP: 8/8
  4565 | D:5      | Reached skill level 3 in Shields
  4655 | D:5      | Gained mutation: Your muscles are strong. (Str +2) [potion
                  | of mutation]
  4655 | D:5      | Gained mutation: You have hidden genetic potential. [potion
                  | of mutation]
  4655 | D:5      | Gained mutation: Your flesh is cold resistant. (rC+)
                  | [potion of mutation]
  4655 | D:5      | Gained mutation: You have large cloven feet. [potion of
                  | mutation]
  4767 | D:5      | Reached skill level 5 in Fighting
  4767 | D:5      | Reached XP level 8. HP: 24/49 MP: 9/9
  4788 | D:5      | Reached skill level 5 in Axes
  4788 | D:5      | Reached **** piety under Lugonu
  4795 | D:5      | Reached skill level 4 in Shields
  5268 | D:5      | Gained mutation: You are partially covered in iridescent
                  | scales. (AC +2) [hidden potential]
  5451 | D:5      | Reached skill level 5 in Armour
  5520 | D:5      | Reached skill level 1 in Throwing
  5520 | D:5      | Reached skill level 5 in Shields
  5870 | D:5      | Reached XP level 9. HP: 25/54 MP: 10/10
  6394 | D:6      | Reached skill level 6 in Shields
  6421 | D:6      | Gained mutation: You expend magic power (3 MP) to
                  | strengthen your wands. [hidden potential]
  6421 | D:6      | Lost mutation: You have hidden genetic potential. [hidden
                  | potential expressed]
  6438 | D:6      | Found a staircase to the Ecumenical Temple.
  6752 | D:6      | Found a snail-covered altar of Cheibriados.
  7051 | D:7      | Reached ***** piety under Lugonu
  7353 | D:7      | Reached skill level 7 in Shields
  7719 | D:3      | Bought a glowing chain mail for 195 gold pieces
  8355 | D:8      | Reached XP level 10. HP: 43/61 MP: 11/11
  8752 | D:8      | Identified a scroll of acquirement
  8752 | D:8      | Acquired the +7 quick blade of Fedhas, Bedazzling {holy,
                  | *Rage rElec rN+ Int+5}
  9010 | D:9      | Reached skill level 8 in Shields
  9174 | D:9      | Noticed a death yak
  9179 | D:9      | Noticed a death yak
  9183 | D:9      | Noticed a death yak
  9197 | D:9      | Killed a death yak
  9198 | D:9      | Reached skill level 1 in Short Blades
  9223 | D:9      | Killed a death yak
  9230 | D:9      | Found a staircase to the Lair.
  9231 | D:9      | Banished a death yak
  9232 | D:9      | Reached skill level 9 in Shields
  9510 | D:9      | Reached XP level 11. HP: 66/66 MP: 12/12
  9761 | D:9      | Noticed an obsidian statue
  9780 | D:9      | Killed an obsidian statue
 10014 | D:9      | Reached skill level 10 in Shields
 10093 | Lair:1   | Entered Level 1 of the Lair of Beasts
 10134 | Lair:1   | Noticed a seven-headed hydra
 10148 | Lair:1   | Killed a seven-headed hydra
 10730 | Lair:1   | Noticed a six-headed hydra
 10747 | Lair:1   | Killed a six-headed hydra
 10882 | Lair:1   | Reached skill level 5 in Short Blades
 11335 | Lair:2   | Noticed Amaemon
 11346 | Lair:2   | Killed Amaemon
 11347 | Lair:2   | Reached skill level 11 in Shields
 11471 | Lair:2   | Reached XP level 12. HP: 68/73 MP: 14/14
 11487 | Lair:2   | Noticed Fannar
 11850 | Lair:2   | Killed Fannar
 12171 | Lair:2   | Found a hole to the Spider Nest.
 12268 | Lair:2   | Noticed Urug
 12310 | Lair:2   | Reached skill level 12 in Shields
 12319 | Lair:2   | Killed Urug
 13046 | Lair:3   | HP: 1/75 [molten gargoyle/+0 mace (11)]
 13048 | Lair:3   | Killed from afar by a molten gargoyle

Illustrated notes

Levels and vault maps discovered:
D:1:      dpeg_arrival_morbid_curiosity, layout_basic,
          dreamdust_ecumenical_altar_angels_and_demons
D:2:      layout_loops_cross, serial_shops, nicolae_shop_hallway_stairs
D:3:      layout_loops_ring, serial_shops, nicolae_shop_crystal
D:4:      layout_basic, portal_sewer_entry_d, serial_shops, nicolae_square_shop
D:5:      layout_basic, minmay_divided_ellipse, uniq_eustachio
D:6:      layout_basic, mainiacjoe_overflow_concentric_impassable,
          minmay_temple_entry_offerings
D:7:      layout_cave_pools
D:8:      layout_cave_pools
D:9:      minmay_statue_hallways, layout_basic, dpeg_lair_monsters
Lair:1:   layout_roguey
Lair:2:   layout_chaotic_city, nicolae_spider_entry_orb_guardian,
          nicolae_quartered_pool_super, uniq_urug, uniq_amaemon, uniq_fannar
Lair:3:   cheibrodos_magma_flow, layout_hall_layers, minmay_shoals_entry_hut,
          lemuel_fruit_fields, uniq_gastronok

Skill      XL: |  1  2  3  4  5  6  7  8  9 10 11 12 |
---------------+-------------------------------------+-----
Dodging        | 1 2 3 4 |  4.3
Axes           | 2 3 4 6 7 8 |  8.6
Fighting       | 4 5 6 7 8 |  8.3
Armour         | 3 4 5 7 8 |  8.8
Stealth        | 1 |  1.5
Shields        | 2 3 5 7 9 11 12 | 12.1
Throwing       | 1 |  1.4
Short Blades   | 2 5 6 |  6.7
Invocations    | 3 |  3.2
Unarmed Combat | |  0.5

Action                   |  1- 3 |  4- 6 |  7- 9 | 10-12 || total
-------------------------+-------+-------+-------+-------++-------
Melee: Hand axe          |    92 |   222 |   431 |    22 ||   767
       Dagger            |    22 |       |       |       ||    22
       Punch             |       |     1 |       |       ||     1
       Kick              |       |       |   120 |    84 ||   204
       Quick blade       |       |       |       |   598 ||   598
       Unarmed           |       |       |       |    19 ||    19
Throw: Dart              |       |       |    18 |       ||    18
Invok: Depart the Abyss  |     1 |       |       |       ||     1
       Bend Space        |       |       |       |     4 ||     4
       Banish            |       |       |       |     1 ||     1
  Use: Scroll            |     5 |     8 |     8 |     2 ||    23
       Potion            |       |     1 |     6 |     4 ||    11
 Stab: Confused          |       |       |       |     1 ||     1
Armor: Leather armour    |    20 |       |       |       ||    20
       Scale mail        |    58 |   112 |   190 |       ||   360
       Chain mail        |       |       |    25 |   164 ||   189
       Skin              |       |       |       |     2 ||     2
Dodge: Dodged            |    75 |   188 |   227 |   176 ||   666
Block: Other             |     4 |    17 |       |     4 ||    25
       Buckler           |       |    33 |       |       ||    33
       Kite shield       |       |    90 |   445 |   463 ||   998
       Reflection        |       |       |     4 |     5 ||     9

Table legend: (Time is in decaauts)
 A = Elapsed time spent in this place.
 B = Non-inter-level travel time spent in this place.
 C = Inter-level travel time spent in this place.
 D = Time resting spent in this place.
 E = Time spent auto-exploring this place.
 F = Levels seen in this place.
 G = Mean time per level.
                   A        B        C        D        E       F      G
               +--------+--------+--------+--------+--------+-----+--------+
         Total |  13216 |  12745 |    471 |    539 |   9258 |  13 | 1016.6 |
       Dungeon |  10253 |   9807 |    446 |    217 |   7362 |   9 | 1139.2 |
          Lair |   2958 |   2934 |     24 |    322 |   1891 |   3 |  986.0 |
         Abyss |      5 |      5 |      0 |      0 |      4 |   1 |    5.0 |
               +--------+--------+--------+--------+--------+-----+--------+

Top non-repeatable levels by time:
     D:5: 1990 daAuts
  Lair:1: 1659 daAuts
     D:4: 1651 daAuts
     D:9: 1338 daAuts
  Lair:2: 1263 daAuts
     D:1: 1101 daAuts
     D:2: 989 daAuts
     D:7: 854 daAuts
     D:6: 811 daAuts
     D:3: 793 daAuts
     D:8: 721 daAuts
  Lair:3: 36 daAuts
 Abyss:1: 5 daAuts
